 Dungeon Crawl Stone Soup version 0.28.0-53-g5a82cb258f (webtiles) character file.

Game seed: 10212085036359394852

427 Eitelfritz the Chopper (level 6, -3/55 HPs)
             Began as a Hill Orc Fighter on May 31, 2022.
             Slain by an orc warrior
             ... wielding a +0 glaive
              (9 damage)
             ... on level 4 of the Dungeon.
             The game lasted 00:07:33 (3967 turns).

Eitelfritz the Chopper (Hill Orc Fighter)           Turns: 3967, Time: 00:07:33

Health: -3/55      AC:  9    Str: 21    XL:     6   Next: 97%
Magic:  6/6        EV:  9    Int:  8    God:
Gold:   250        SH:  4    Dex: 10    Spells: 5/5 levels left

rFire   . . .      SeeInvis .   a - +1 war axe
rCold   . . .      Faith    .   c - +0 buckler
rNeg    . . .      Spirit   .   b - +0 scale mail
rPois   .          Reflect  .   g - +0 helmet
rElec   .          Harm     .   (no cloak)
rCorr   .          Rampage  .   p - +0 pair of gloves
Will    .....                   (no boots)
Stlth   ..........              (no amulet)
HPRegen 0.18/turn               (no ring)
MPRegen 0.10/turn               (no ring)

@: no status effects
A: no striking features
a: no special abilities


You were on level 4 of the Dungeon.
You visited 1 branch of the dungeon, and saw 4 of its levels.
You also visited: Sewer.

You collected 250 gold pieces.

Inventory:

Hand Weapons
 a - a +1 war axe (weapon)
 u - a +0 morningstar
Missiles
 e - 6 curare-tipped darts
 h - 4 atropa-tipped darts (quivered)
 s - 6 poisoned darts
Armour
 b - a +0 scale mail (worn)
 c - a +0 buckler (worn)
 g - a +0 helmet (worn)
 p - a +0 pair of gloves (worn)
Jewellery
 j - a +4 ring of protection
Wands
 n - a wand of iceblast (5)
 q - a wand of polymorph (7)
 t - a wand of acid (8)
Scrolls
 f - 2 scrolls of teleportation
 k - a scroll of fear {unknown}
Potions
 d - 2 potions of might
 i - 2 potions of mutation {unknown}
 l - a potion of lignification {unknown}
 m - 2 potions of cancellation {unknown}
 o - 3 potions of brilliance {unknown}
 r - a potion of heal wounds {unknown}


   Skills:
 + Level 4.9 Fighting
 + Level 6.8 Axes
 + Level 0.3 Throwing
 + Level 4.6 Armour
 + Level 0.8 Dodging
 + Level 0.1 Stealth
 + Level 4.1 Shields


You had 5 spell levels left.
You didn't know any spells.
Your spell library contained the following spells:

 Spells                   Type           Power      Damage    Failure   Level
 Summon Small Mammal      Summ           0%         N/A       83%         1
 Corpse Rot               Necr/Air       0%         N/A       92%         2
 Call Canine Familiar     Summ           0%         N/A       99%         3
 Portal Projectile        Hex/Tloc       0%         N/A       99%         3
 Summon Guardian Golem    Hex/Summ       0%         N/A       99%         3
 Dispel Undead            Necr           0%         3d6       100%        4
 Leda's Liquefaction      Hex/Erth       0%         N/A       100%        4
 Death Channel            Necr           0%         N/A       100%        6


Dungeon Overview and Level Annotations

Branches:
Dungeon (4/15)              Sewer (visited)
 Temple: D:4-7

Altars:
Qazlal
Sif Muna


Message History

A goblin comes into view. It is wielding a +0 club.
The goblin shouts!
The goblin closely misses you.
You barely miss the goblin. You block the goblin's attack.
You closely miss the goblin. You block the goblin's attack.
You closely miss the goblin. The goblin hits you but does no damage.
You hit the goblin.
You kill the goblin!
The orc warrior hits you from afar with a +0 glaive.
The orc warrior barely misses you.
Throw: 5 darts (atropa)
Press: ? - help, Q - select action, (/) - cycle Shift-Dir - straight line, f - orc warrior
Aim: an orc warrior, wielding a +0 glaive and wearing a +0 chain mail (53% to hit, chance to blind on hit: 51%)
You throw an atropa-tipped dart.
The atropa-tipped dart hits the orc warrior.
The orc warrior appears confused.
The orc warrior seems less confused.
The orc warrior hits you with a +0 glaive!
You closely miss the orc warrior. You block the orc warrior's attack.
The orc warrior closely misses you.
You catch the helpless orc warrior completely off-guard!
You slash the orc warrior!
The orc warrior is moderately wounded.
The orc warrior hits you with a +0 glaive!
You barely miss the orc warrior.
The orc warrior is moderately wounded.
The orc warrior is no longer blind.
You block the orc warrior's attack.
You hit the orc warrior.
The orc warrior is heavily wounded.
The orc warrior completely misses you.
You closely miss the orc warrior.
The orc warrior is heavily wounded.
The orc warrior hits you with a +0 glaive!!
* * * LOW HITPOINT WARNING * * *
The orc warrior hits you with a +0 glaive!
* * * LOW HITPOINT WARNING * * *
You hit the orc warrior but do no damage.
The orc warrior is heavily wounded.
The orc warrior hits you with a +0 glaive!
You die...

###############################
#..............o..o.o.<.......#
...##........############....##
.............# ##.####....#
.....#.......## #...##......#
.....#........###....##.#....#
.....#.......##..)......#....#
.....#..........@o#.#####...##
..........)..######.####.)######
.....#...)...# #......#.....##
.......###...## #..............
...#...# #.)..# #...............
.......###....# #...............
.#.#.#.##..#<.####...............
.#.#.#.##.##(...##...............
.#...#.#..#####.##..........>....


You could see an orc warrior.

Vanquished Creatures
  Pargi (Sewer)
  An ogre (D:4)
  2 orc wizards (D:4)
  Robin (D:2)
  5 gnolls
  4 adders
  An adder skeleton (D:4)
  2 worms (D:2)
  A dart slug (D:2)
  5 orcs (D:4)
  9 bats
  4 endoplasms
  3 giant cockroaches (D:1)
  18 goblins
  12 hobgoblins
  2 jackals (D:1)
  6 kobolds
  5 quokkas
  3 ball pythons
  5 frilled lizards
  A rat (D:2)
91 creatures vanquished.

Notes
Turn   | Place    | Note
-------+----------+-------------------------------------------
     0 | D:1      | Eitelfritz the Hill Orc Fighter began the quest for the
                  | Orb.
     0 | D:1      | Reached XP level 1. HP: 19/19 MP: 1/1
   197 | D:1      | Reached XP level 2. HP: 25/27 MP: 2/2
   429 | D:1      | Reached skill level 3 in Axes
   525 | D:1      | Reached XP level 3. HP: 33/33 MP: 3/3
  1210 | D:2      | Noticed Robin
  1230 | D:2      | Killed Robin
  1236 | D:2      | Reached XP level 4. HP: 14/40 MP: 4/4
  1347 | D:2      | Reached skill level 4 in Axes
  2454 | D:3      | Found a stormy altar of Qazlal.
  2567 | D:3      | Found a shimmering blue altar of Sif Muna.
  2679 | D:4      | Reached XP level 5. HP: 38/46 MP: 5/5
  2726 | D:4      | Reached skill level 5 in Axes
  2748 | D:4      | Noticed an ogre
  2753 | D:4      | Killed an ogre
  2754 | D:4      | Reached XP level 6. HP: 32/53 MP: 6/6
  2762 | D:4      | Found a glowing drain.
  2767 | Sewer    | Entered a sewer
  3037 | Sewer    | Noticed Pargi
  3050 | Sewer    | Killed Pargi
  3051 | Sewer    | Reached skill level 6 in Axes
  3424 | D:4      | Noticed an orc warrior
  3967 | D:4      | Slain by an orc warrior

Illustrated notes

Levels and vault maps discovered:
D:1:      wheals_arrival_shading, layout_basic
D:2:      layout_basic, minmay_split_cup_large, uniq_robin
D:3:      layout_rooms, mainiacjoe_overflow_six_doors_small,
          nicolae_sif_muna_little_library, grunt_ministairs_6,
          serial_bayou_ford_a
D:4:      cheibrodos_greedy_goblins, layout_rooms, portal_sewer_entry_e,
          chequers_ossuary_entry_cave

Skill      XL: |  1  2  3  4  5  6 |
---------------+-------------------+-----
Fighting       | 4 |  4.9
Axes           | 3 4 5 6 |  6.8
Armour         | 4 |  4.6
Shields        | 4 |  4.1
Throwing       | |  0.3
Dodging        | |  0.8
Stealth        | |  0.1

Action                   |  1- 3 |  4- 6 || total
-------------------------+-------+-------++-------
Melee: War axe           |    90 |   157 ||   247
Throw: Dart              |       |     6 ||     6
Evoke: Wand              |       |     1 ||     1
  Use: Scroll            |       |     4 ||     4
       Potion            |       |     1 ||     1
 Stab: Invisible         |       |     1 ||     1
Armor: Scale mail        |    31 |    84 ||   115
Dodge: Dodged            |    55 |    91 ||   146
Block: Buckler           |    11 |    46 ||    57
